 Dungeon Crawl Stone Soup version 0.23.2-30-g0e89c35649 (webtiles) character file.

Game seed: 10221272742847033935

2391 EcosseEcosse the Cleaver (level 9, -8/75 HPs)
             Began as a Minotaur Fighter on June 23, 2019.
             Was a Believer of Trog.
             Mangled by a purple ugly thing (14 damage)
             ... on level 7 of the Dungeon.
             The game lasted 00:26:56 (5911 turns).

EcosseEcosse the Cleaver (Minotaur Fighter)         Turns: 5911, Time: 00:26:56

Health: -8/75      AC: 11    Str: 24 (27) XL:     9   Next: 22%
Magic:  8/8        EV: 11    Int:  2 (5)  God:    Trog [**....]
Gold:   294        SH: 16    Dex: 15 (17) Spells: 8/8 levels left

rFire    + + .     SeeInvis .   a - +3 war axe
rCold    . . .     Gourm    .   c - +0 shield
rNeg     . . .     Faith    .   y - +3 ring mail {MR+}
rPois    +         Spirit   .   (helmet restricted)
rElec    +         Reflect  +   (no cloak)
rCorr    +         Harm     .   (no gloves)
MR       +....                  e - +1 pair of boots
Stlth    +.........             q - +4 amulet of reflection
HPRegen  0.22/turn              l - ring of fire
MPRegen  0.11/turn              F - +5 ring of dexterity

@: mighty, resistant
A: retaliatory headbutt, horns 2
a: Berserk, Trog's Hand, Renounce Religion


You were on level 7 of the Dungeon.
You worshipped Trog.
Trog was pleased with you.
You were hungry.

You visited 1 branch of the dungeon, and saw 7 of its levels.
You also visited: Sewer.

You collected 294 gold pieces.

Inventory:

Hand Weapons
 a - a +3 war axe (weapon)
 m - a +1 short sword of protection
 E - a +2 dire flail of protection
Armour
 b - a +1 scale mail
 c - a +0 shield (worn)
 e - a +1 pair of boots (worn)
 y - a +3 ring mail of magic resistance (worn)
Jewellery
 l - a ring of fire (left hand)
 q - a +4 amulet of reflection (around neck)
 F - a +5 ring of dexterity (right hand)
Wands
 s - a wand of flame (11)
 v - a wand of paralysis (15)
Scrolls
 h - 4 scrolls of remove curse
 i - a scroll of teleportation
 j - 4 scrolls of amnesia
 t - 2 scrolls of fear {unknown}
 w - a scroll of noise {unknown}
 z - 2 scrolls of magic mapping
Potions
 d - a potion of might
 k - a potion of cancellation {unknown}
 n - a potion of degeneration
 p - a potion of lignification {unknown}
 r - a potion of flight {unknown}
 x - 3 potions of resistance
 A - a potion of heal wounds {unknown}
 C - a potion of ambrosia {unknown}
 G - a potion of haste {unknown}
Comestibles
 f - 6 rations


   Skills:
 + Level 6.2 Fighting
 + Level 9.6 Axes
 + Level 6.6 Armour
 + Level 3.4 Dodging
 + Level 1.4 Stealth
 + Level 8.3 Shields


You had 8 spell levels left.
You didn't know any spells.
Your spell library was empty.

Dungeon Overview and Level Annotations

Branches:
Dungeon (7/15)             Temple (0/1) D:6

Altars:
Dithmenos
Fedhas
Gozag
Okawaru
Ru
Trog
Uskayaw
Vehumet
Yredelemnul
Zin
The Shining One

Shops:
D:6 (


Innate Abilities, Weirdness & Mutations

You reflexively headbutt those who attack you in melee.
You have a pair of horns on your head.


Message History

The crimson imp lashes its tail.
Aiming: Enslavement
Press: ? - help, Shift-Dir - straight line, f - scorpion, p - gargoyle
Aim: a scorpion (chance to defeat MR: 46%)
The scorpion is charmed.
The now-empty wand crumbles to dust.
The centaur unwields a +0 shortbow.
The centaur barely misses your scorpion.
The centaur wields a +0 shortbow.
The centaur shoots an arrow.
The arrow hits your scorpion!
Your scorpion barely misses the purple ugly thing.
You block the purple ugly thing's attack.
Aiming: Paralyse
Press: ? - help, Shift-Dir - straight line, f - purple ugly thing, p - scorpion
Aim: a purple ugly thing (moderately wounded, chance to defeat MR: 28%)
The purple ugly thing easily resists.
The centaur wields a +0 shortbow.
The centaur shoots an arrow.
The arrow hits your scorpion!
The centaur unwields a +0 shortbow.
The centaur hits your scorpion.
Your scorpion dies!
The purple ugly thing kicks you!
You die...

..........O....#*##...##
*,,,,***
.##.......#...##
#(...(###..,,,**
###.#..#.##YO##
##†........#*,,,*
#..#..####ho##
#...†#....,,,,,,,
###..##
##hT###(o..#*#..,,,,,,*
####
#DSH##5Z..#***.,*,,,,*
#a9Y#cc####*,,,,**,,>,
##sou(## ***,,***,,,
####@# *,,,,,***,> ###
**,,*** *,* **,* *** ***


You could see a purple ugly thing, a manticore, a troll, an orc warrior, a black
bear, an acid dragon, a gargoyle, 2 ice beasts, an ogre, 2 centaurs, a hound, a
worker ant, an orc wizard, a crimson imp, an adder, an orc, a wyvern zombie and
a giant cockroach.

Vanquished Creatures
  Edmund (D:5)
  An ice beast (D:7)
  2 sky beasts
  A centaur (D:4)
  5 ogres
  3 bullfrogs
  2 scorpions
  2 howler monkeys
  4 crimson imps
  A hound (D:7)
  2 jellies (D:6)
  5 orc wizards
  An iron imp (D:5)
  3 orc priests
  Jessica (D:3)
  Ijyb (D:3)
  An iguana (D:4)
  6 worker ants
  Robin (D:3)
  2 worker ant zombies
  5 adders
  2 gnolls
  A howler monkey skeleton (D:4)
  An ooze (D:5)
  An adder skeleton (D:5)
  4 worms
  13 leopard geckos
  22 orcs
  11 giant cockroaches
  17 goblins
  3 hobgoblins
  9 jackals
  6 quokkas
  6 ball pythons
  11 bats
  7 frilled lizards
  2 goblin skeletons (D:5)
  3 hobgoblin zombies (D:5)
  A jackal skeleton (D:7)
  A jackal zombie (D:5)
  8 kobolds
  3 kobold skeletons (D:5)
  2 kobold zombies (D:5)
  A leopard gecko skeleton (D:6)
  9 rats
194 creatures vanquished.

Vanquished Creatures (collateral kills)
  An orc (D:7)
1 creature vanquished.

Vanquished Creatures (others)
  A hippogriff (D:7)
  A centaur (D:7)
  A scorpion (D:7)
3 creatures vanquished.

Grand Total: 198 creatures vanquished

Notes
Turn   | Place    | Note
-------+----------+-------------------------------------------
     0 | D:1      | EcosseEcosse the Minotaur Fighter began the quest for the
                  | Orb.
     0 | D:1      | Reached XP level 1. HP: 19/19 MP: 0/0
   209 | D:1      | Reached XP level 2. HP: 22/27 MP: 1/1
   537 | D:1      | Reached XP level 3. HP: 29/33 MP: 2/2
   853 | D:2      | Found a basalt altar of Yredelemnul.
  1010 | D:2      | Found a sacrificial altar of Ru.
  1012 | D:2      | Found a glowing silver altar of Zin.
  1012 | D:2      | Found a shadowy altar of Dithmenos.
  1012 | D:2      | Found a radiant altar of Vehumet.
  1013 | D:2      | Found an opulent altar of Gozag.
  1013 | D:2      | Found a hide-covered altar of Uskayaw.
  1204 | D:2      | Reached XP level 4. HP: 40/40 MP: 3/3
  1352 | D:2      | Reached skill level 1 in Dodging
  1557 | D:3      | Reached skill level 5 in Shields
  1570 | D:3      | Reached skill level 3 in Axes
  1633 | D:3      | Noticed Robin
  1656 | D:3      | Killed Robin
  1755 | D:3      | Noticed Ijyb
  1763 | D:3      | Killed Ijyb
  1763 | D:3      | Reached XP level 5. HP: 46/46 MP: 4/4
  2047 | D:3      | Noticed Jessica
  2050 | D:3      | Killed Jessica
  2447 | D:4      | Found a glowing drain.
  2459 | Sewer    | Entered a sewer
  2476 | Sewer    | Reached skill level 5 in Armour
  2944 | Sewer    | Reached skill level 4 in Axes
  2944 | Sewer    | Reached XP level 6. HP: 38/52 MP: 5/5
  3066 | D:4      | Reached skill level 5 in Axes
  3068 | D:4      | Reached XP level 7. HP: 26/60 MP: 6/6
  3415 | D:4      | Reached skill level 6 in Axes
  4089 | D:5      | Entered Level 5 of the Dungeon
  4089 | D:5      | Found a bloodstained altar of Trog.
  4089 | D:5      | Noticed a moth of wrath
  4132 | D:5      | Became a worshipper of Trog the Wrathful
  4192 | D:5      | Found a glowing golden altar of the Shining One.
  4340 | D:5      | Reached * piety under Trog
  4396 | D:5      | Reached skill level 7 in Axes
  4400 | D:5      | Reached XP level 8. HP: 41/67 MP: 7/7
  4628 | D:5      | Reached skill level 5 in Fighting
  4819 | D:5      | Noticed Edmund
  4838 | D:5      | Killed Edmund
  4838 | D:5      | Reached skill level 8 in Axes
  5012 | D:6      | Found a blossoming altar of Fedhas.
  5096 | D:6      | Found Mina's Weapon Shop.
  5141 | D:6      | Found a bloodstained altar of Trog.
  5141 | D:6      | Found an iron altar of Okawaru.
  5245 | D:6      | Reached ** piety under Trog
  5393 | D:6      | Found a staircase to the Ecumenical Temple.
  5419 | D:6      | Reached skill level 9 in Axes
  5521 | D:6      | Reached skill level 1 in Stealth
  5810 | D:7      | Reached XP level 9. HP: 56/75 MP: 8/8
  5882 | D:7      | Noticed a deep elf mage
  5883 | D:7      | Noticed a purple ugly thing
  5884 | D:7      | Noticed a gargoyle
  5885 | D:7      | Noticed a manticore
  5888 | D:7      | Noticed a troll
  5911 | D:7      | Mangled by a purple ugly thing

Skill      XL: |  1  2  3  4  5  6  7  8  9 |
---------------+----------------------------+-----
Armour         | 4 5 6 |  6.6
Shields        | 4 5 6 7 8 |  8.3
Fighting       | 4 6 |  6.2
Dodging        | 1 2 3 |  3.4
Axes           | 3 4 5 7 9 |  9.6
Stealth        | 1 |  1.4

Action                   |  1- 3 |  4- 6 |  7- 9 || total
-------------------------+-------+-------+-------++-------
Melee: War axe           |   115 |   130 |   231 ||   476
       Headbutt          |    12 |    19 |    37 ||    68
Evoke: Wand              |       |       |     7 ||     7
  Use: Scroll            |       |     3 |    17 ||    20
       Potion            |       |       |     4 ||     4
  Eat: Chunk             |     1 |     4 |     1 ||     6
       Ration            |       |     1 |     2 ||     3
Armor: Scale mail        |    65 |    46 |     9 ||   120
       Ring mail         |       |       |    58 ||    58
Dodge: Dodged            |    40 |    48 |    63 ||   151
Block: Shield            |    99 |   104 |   172 ||   375
       Reflection        |       |       |     7 ||     7
